 Dungeon Crawl Stone Soup version 0.31-a0-233-g139696dc86 (webtiles) character file.

Game seed: 12161903118875204541

100 qw the Shooter (level 4, -5/36 HPs)
             Began as a Minotaur Hexslinger on July 9, 2023.
             Killed from afar by an orc wizard (10 damage)
             ... with a magic dart
             ... on level 3 of the Dungeon.
             The game lasted 00:00:48 (2277 turns).

qw the Shooter (Minotaur Hexslinger)                Turns: 2277, Time: 00:00:48

Health: -5/36      AC:  9    Str: 12    XL:     4   Next: 47%
Magic:  4/4        EV: 11    Int: 10    God:
Gold:   159        SH:  0    Dex: 15    Spells: 4/5 levels left

rFire   . . .        Y - +1 sling (freeze)
rCold   . . .        (no shield)
rNeg    + . .        j - +0 ring mail
rPois   .            (helmet restricted)
rElec   +            (no cloak)
rCorr   .            (no gloves)
SInv    .            (no boots)
Will    .....        c - amulet "Menanoer" {Faith rElec rN+} Stlth
                     i - +4 ring of protection
HPRegen 0.26/turn    (no ring)
MPRegen 0.09/turn

%: faith
@: confused
A: horns 2, retaliatory headbutt
a: no special abilities


You were on level 3 of the Dungeon.
You visited 1 branch of the dungeon, and saw 3 of its levels.

You collected 159 gold pieces.


Innate Abilities, Weirdness & Mutations

You have a pair of horns on your head.
You reflexively headbutt those who attack you in melee.


   Skills:
 - Level 2.0 Fighting
 + Level 4.9 Ranged Weapons
 - Level 1.0 Armour
 - Level 2.1 Dodging
 - Level 1.0 Spellcasting
 - Level 2.0 Hexes


You had 4 spell levels left.
You knew the following spells:

 Your Spells              Type           Power      Damage    Failure   Level
a - Slow                  Hex            16%        N/A       34%         1

Your spell library contained the following spells:

 Spells                   Type           Power      Damage    Failure   Level
 Inner Flame              Hex/Fire       2%         N/A       83%         3
 Portal Projectile        Hex/Tloc       4%         N/A       83%         3
 Cause Fear               Hex            2%         N/A       98%         4

Inventory:

Hand Weapons
 Y - a +1 sling of freezing (weapon)
Armour
 j - a +0 ring mail (worn)
Jewellery
 c - the amulet "Menanoer" (around neck) {Faith rElec rN+}
   (You acquired it on level 1 of the Dungeon)

   [amulet of faith]

   It allows you to gain divine favour quickly.
   rElec:     It insulates you from electricity.
   rN:        It protects you from negative energy.
 i - a +4 ring of protection (left hand)
Scrolls
 a - a scroll of identify
 b - 2 scrolls of vulnerability {unknown}
Potions
 d - a potion of haste {unknown}
 e - a potion of berserk rage {unknown}
 f - a potion of curing {unknown}

Dungeon Overview and Level Annotations

Branches:
Dungeon (3/15)

Altars:


Message History

Something hits you but does no damage.
You shoot a sling bullet.
Something hits you but does no damage. x2
You shoot a sling bullet. Something hits you.
You shoot a sling bullet. Something hits you.
You shoot a sling bullet.
Something hits you but does no damage. x2
You shoot a sling bullet. Something hits you but does no damage.
You shoot a sling bullet. Something hits you but does no damage.
You shoot a sling bullet. Something hits you but does no damage.
You shoot a sling bullet. Something hits you.
Something hits you but does no damage.
You shoot a sling bullet.
An orc wizard appears from thin air!
Reactivating autopickup.
The orc wizard barely misses you.
You shoot a sling bullet.
The sling bullet completely misses the orc wizard.
The orc wizard hits you but does no damage.
You shoot a sling bullet.
The sling bullet closely misses the orc wizard.
The orc wizard casts a spell at you. The puff of flame hits you.
You shoot a sling bullet.
The sling bullet barely misses the orc wizard.
The orc wizard hits you but does no damage.
The orc wizard points at you and mumbles some strange words.
You are confused.
The orc wizard hits you with a +0 dagger.
The orc wizard hits you but does no damage.
The orc wizard casts a spell at you. The puff of flame hits you!
The orc wizard points at you and mumbles some strange words.
The magic dart hits you!
You die...

#.### #.# #.#
#.# #.##
#.#.##
#.###.#####.#
#<# ##......#
## ##@#####.#
#o## #)## #.
#. #o o. #o
..


You could see an orc wizard.

Vanquished Creatures
  An orc priest (D:3)
  An adder (D:2)
  A worm (D:2)
  A dart slug (D:3)
  3 orcs (D:3)
  5 endoplasms
  3 giant cockroaches
  5 hobgoblins
  4 jackals (D:2)
  7 kobolds
  A quokka (D:1)
  4 ball pythons (D:1)
  6 bats
  3 frilled lizards (D:1)
  4 goblins
  4 rats
53 creatures vanquished.

Notes
Turn   | Place    | Note
-------+----------+-------------------------------------------
     0 | D:1      | qw the Minotaur Hexslinger began the quest for the Orb.
     0 | D:1      | Reached XP level 1. HP: 16/16 MP: 1/1
     0 | D:1      | 0 ||| qw: Version: 0.3-a-51-g015441d
     0 | D:1      | 0 ||| qw: Game counter: 4009
     0 | D:1      | 0 ||| qw: Melee chars always use a shield: true
     0 | D:1      | 0 ||| qw: God list: Okawaru
     0 | D:1      | 0 ||| qw: Allow faded altars: false
     0 | D:1      | 0 ||| qw: Do Orc after clearing Dungeon:15 true
     0 | D:1      | 0 ||| qw: Do second Lair branch before Depths: true
     0 | D:1      | 0 ||| qw: Lair rune preference: random
     0 | D:1      | 0 ||| qw: Goals: Normal
     0 | D:1      | 0 ||| PLANNING D:1-11
     3 | D:1      | Noticed an electric eel
     4 | D:1      | Noticed an electric eel
   185 | D:1      | Found a faded altar of an unknown god.
   191 | D:1      | Reached skill level 3 in Ranged Weapons
   195 | D:1      | Reached XP level 2. HP: 23/23 MP: 2/2
   780 | D:1      | 780 ||| UPGRADING to +0 leather armour.
   790 | D:1      | 790 ||| DROPPING +0 robe.
   791 | D:1      | 791 ||| UPGRADING to +0 ring mail.
   801 | D:1      | 801 ||| DROPPING +0 leather armour.
   802 | D:1      | 802 ||| UPGRADING to +4 ring of protection.
   803 | D:1      | 803 ||| READING 2 scrolls labelled CUHUENKAERE.
   804 | D:1      | 804 ||| READING scroll labelled WEEGRU ACUFIVU.
   805 | D:1      | 805 ||| READING scroll labelled BYAREO HUACULE.
   805 | D:1      | Identified a scroll of acquirement
   805 | D:1      | 805 ||| ACQUIRING amulet "Menanoer" {Faith rElec rN+}
   805 | D:1      | Acquired the amulet "Menanoer" {Faith rElec rN+}
   807 | D:1      | 807 ||| UPGRADING to amulet "Menanoer" {Faith rElec rN+}.
   812 | D:1      | 812 ||| DROPPING scroll of poison.
   910 | D:2      | Reached XP level 3. HP: 21/29 MP: 3/3
  1413 | D:2      | Reached skill level 4 in Ranged Weapons
  1586 | D:2      | Reached skill level 1 in Armour
  1945 | D:2      | 1945 ||| READING scroll labelled TESANI BITSOB.
  1946 | D:2      | 1946 ||| READING scroll labelled ZOUMAT TUOXZAMUMN.
  1947 | D:2      | 1947 ||| READING scroll labelled BEUGRE CUDIUDD.
  1948 | D:2      | 1948 ||| READING scroll labelled ALELIG OLISOPS.
  2228 | D:3      | 2228 ||| Stepping ~*~*~tactically~*~*~ (outnumbered).
  2231 | D:3      | Reached XP level 4. HP: 36/36 MP: 4/4
  2232 | D:3      | 2232 ||| Stepping ~*~*~tactically~*~*~ (outnumbered).
  2276 | D:3      | HP: 5/36 [orc wizard/puff of flame (9)]
  2277 | D:3      | Killed from afar by an orc wizard

Levels and vault maps discovered:
D:1:      arrival_aquarium_b, layout_loops_ring,
          hellmonk_ecumenical_altar_arch_garden, st_stairs_3
D:2:      minmay_chambers_of_twos, layout_basic, minmay_misc_feat_ornament
D:3:      layout_loops_ring, chequers_temple_overflow_minitemple

Skill      XL: |  1  2  3 |
---------------+----------+-----
Ranged Weapons | 3 4 |  4.9
Fighting       | 2 |  2.0
Armour         | 1 |  1.0
Dodging        | |  2.1
Spellcasting   | |  1.0
Hexes          | |  2.0

Action                     |  1- 3 |  4- 6 || total
---------------------------+-------+-------++-------
   Fire: Sling             |   153 |    41 ||   194
    Use: Scroll            |     7 |       ||     7
 Armour: Robe              |     9 |       ||     9
         Ring mail         |    25 |    23 ||    48
  Dodge: Dodged            |    66 |     6 ||    72

Table legend:
 A = Non-vault XP
 B = Vault XP
 C = Vault XP percentage of total XP
 D = Non-vault monster count
 E = Vault monster count
 F = Vault count percentage of total count
                 A         B        C        D         E       F
            +---------+---------+-------+---------+---------+-------
      Total |     127 |      17 |  11.8 |      42 |      11 |  20.8
            +---------+---------+-------+---------+---------+-------
        D:1 |      32 |       5 |  13.5 |      22 |       3 |  12.0
        D:2 |      34 |      12 |  26.1 |      11 |       8 |  42.1
        D:3 |      61 |       0 |   0.0 |       9 |       0 |   0.0
            +---------+---------+-------+---------+---------+-------
